 Dungeon Crawl Stone Soup version 0.29-a0-90-gc37658a0fe (webtiles) character file.

Game seed: 51662373758593303

106 Gargoyl the Skirmisher (level 4, -17/29 HPs)
             Began as a Gargoyle Abyssal Knight on Feb 6, 2022.
             Was a Believer of Lugonu.
             Demolished by an ogre (24 damage)
             ... on level 3 of the Dungeon.
             The game lasted 00:02:22 (2112 turns).

Gargoyl the Skirmisher (Gargoyle Abyssal Knight)    Turns: 2112, Time: 00:02:22

Health: -17/29     AC: 12    Str: 19    XL:     4   Next: 84%
Magic:  5/5        EV:  7    Int: 10    God:    Lugonu [**....]
Gold:   55         SH:  0    Dex: 10    Spells: 3/3 levels left

rFire   . . .      SeeInvis .   b - +3 trident of Difi {speed, Will+}
rCold   . . .      Faith    .   (no shield)
rNeg    + . .      Spirit   .   j - +0 chain mail
rPois   ∞          Reflect  .   (no helmet)
rElec   +          Harm     .   (no cloak)
rCorr   .          Rampage  .   (no gloves)
Will    +....                   (no boots)
Stlth   ..........              (no amulet)
HPRegen 0.09/turn               (no ring)
MPRegen 0.09/turn               (no ring)

@: hasted, very quick
A: sickness immunity, AC +3, negative energy resistance 1, electricity
resistance, torment resistance 1, petrification resistance
a: Renounce Religion, Depart the Abyss, Bend Space


You were on level 3 of the Dungeon.
You worshipped Lugonu.
Lugonu was pleased with you.
You visited 1 branch of the dungeon, and saw 3 of its levels.
You visited the Abyss 1 time.

You collected 55 gold pieces.

Inventory:

Hand Weapons
 a - a +1 hand axe
 b - the +3 trident of Difi (weapon) {speed, Will+}
   (You found it on level 2 of the Dungeon)

   Attacks with this weapon are significantly faster.
   Will:      It increases your willpower.
Armour
 j - a +0 chain mail (worn)
Scrolls
 d - a scroll of identify
 e - 2 scrolls of teleportation
 i - a scroll of immolation {unknown}
 k - a scroll of vulnerability {unknown}
 l - a scroll of enchant weapon {unknown}
Potions
 c - a potion of brilliance {unknown}
 f - a potion of haste
 g - a potion of heal wounds {unknown}
 h - 3 potions of flight {unknown}
 m - 3 potions of invisibility {unknown}
 n - a potion of attraction {unknown}


   Skills:
 + Level 4.0 Fighting
 + Level 3.0(3.1) Axes
 + Level 1.3(2.3) Polearms
 + Level 2.8 Armour
 + Level 0.7 Dodging
 + Level 2.4 Invocations


You had 3 spell levels left.
You didn't know any spells.
Your spell library was empty.

Dungeon Overview and Level Annotations

Branches:
Dungeon (3/15)

Altars:


Innate Abilities, Weirdness & Mutations

You are immune to sickness and miasma.
Your stone body is resilient. (AC +3)
You are immune to poison.
You resist negative energy. (rN+)
You are resistant to electric shocks. (rElec)
You are resistant to unholy torment.
You are immune to petrification.


Message History

The giant cockroach bites you but does no damage.
Items here: )) [ †.
The giant cockroach bites you but does no damage.
Unknown command.
You puncture the giant cockroach!
You kill the giant cockroach!
Lugonu accepts your kill.
You see here a giant cockroach corpse.
You now have 55 gold pieces (gained 10).
An endoplasm comes into view.
An endoplasm is nearby!
You puncture the endoplasm!
You kill the endoplasm!
Lugonu accepts your kill.
An ogre comes into view. It is wielding a +0 giant club.
An ogre is nearby!
You aren't in the Abyss!
You aren't in the Abyss!
It was a potion of haste.
You feel yourself speed up.
The ogre shouts!
You hit the ogre.
The ogre is lightly wounded.
You hit the ogre but do no damage.
The ogre is lightly wounded.
The ogre hits you with a +0 giant club!
You completely miss the ogre.
The ogre is lightly wounded.
You hit the ogre.
The ogre is moderately wounded.
The ogre hits you with a +0 giant club!
* * * LOW HITPOINT WARNING * * *
You barely miss the ogre.
The ogre is moderately wounded.
You puncture the ogre!
The ogre is severely wounded.
You hit the ogre.
The ogre is almost dead.
The ogre hits you with a +0 giant club!!
Ouch! That really hurt!
You die...

#......# #........
.##..##†.# #.##.####
.........# #.##.#
###..##.#### #.##.#
#....<...#####.##.####
........................
######.....#####........
#.O#### #......##''
#######.@######.#....#.''
.......................''
######..###.##.######.''
#.## #. #.'' #.# #
######...
#.####.##.#........
#.........######.#.
######..#####..######.#.
......................#.


You could see an ogre.

Vanquished Creatures
  4 gnolls (D:2)
  3 adders
  A dart slug (D:1)
  An orc (D:3)
  5 bats
  An endoplasm (D:3)
  3 giant cockroaches
  3 goblins
  A hobgoblin (D:1)
  4 quokkas
  3 ball pythons
  7 frilled lizards
  5 kobolds
  5 rats
46 creatures vanquished.

Notes
Turn   | Place    | Note
-------+----------+-------------------------------------------
     0 | Abyss:1  | Gargoyl the Gargoyle Abyssal Knight began the quest for the
                  | Orb.
     0 | Abyss:1  | Reached XP level 1. HP: 14/14 MP: 2/2
     4 | Abyss:1  | Found a hazy altar of Hepliaklqana.
     5 | D:1      | Escaped the Abyss
   106 | D:1      | Reached * piety under Lugonu
   107 | D:1      | Reached XP level 2. HP: 16/19 MP: 3/3
   934 | D:2      | Reached XP level 3. HP: 22/24 MP: 4/4
   965 | D:2      | Identified the +3 trident of Difi {speed, Will+}
  1194 | D:2      | Reached XP level 4. HP: 7/29 MP: 5/5
  1565 | D:2      | Reached skill level 4 in Fighting
  1691 | D:2      | Reached skill level 1 in Polearms
  1940 | D:3      | Found a faded altar of an unknown god.
  1996 | D:3      | Reached ** piety under Lugonu
  2100 | D:3      | Noticed an ogre
  2112 | D:3      | Demolished by an ogre

Illustrated notes

Levels and vault maps discovered:
D:1:      dpeg_arrival_tiny_h, layout_basic
D:2:      layout_loops_ring, minmay_fractal_squares_gapless_5
D:3:      layout_basic, lemuel_doored_altar, nicolae_sif_muna_little_library,
          mainiacjoe_overflow_surrounded_room,
          hellmonk_ecumenical_altar_heavens_door

Skill      XL: |  1  2  3  4 |
---------------+-------------+-----
Axes           | 2 3 |  3.0
Fighting       | 4 |  4.0
Polearms       | 1 |  1.3
Armour         | |  2.8
Dodging        | |  0.7
Invocations    | |  2.4

Action                   |  1- 3 |  4- 6 || total
-------------------------+-------+-------++-------
Melee: Hand axe          |    69 |       ||    69
       Punch             |     1 |       ||     1
       Trident           |    24 |    50 ||    74
Invok: Depart the Abyss  |     1 |       ||     1
  Use: Scroll            |     4 |       ||     4
       Potion            |     2 |     1 ||     3
Armor: Leather armour    |    28 |       ||    28
       Chain mail        |    23 |    21 ||    44
       Skin              |    11 |       ||    11
Dodge: Dodged            |    43 |    10 ||    53

Table legend: (Time is in decaauts)
 A = Elapsed time spent in this place.
 B = Non-inter-level travel time spent in this place.
 C = Inter-level travel time spent in this place.
 D = Time resting spent in this place.
 E = Time spent auto-exploring this place.
 F = Levels seen in this place.
 G = Mean time per level.
                   A        B        C        D        E       F      G
               +--------+--------+--------+--------+--------+-----+--------+
         Total |   2107 |   2067 |     40 |    268 |   1398 |   4 |  526.8 |
       Dungeon |   2102 |   2062 |     40 |    268 |   1394 |   3 |  700.7 |
         Abyss |      5 |      5 |      0 |      0 |      4 |   1 |    5.0 |
               +--------+--------+--------+--------+--------+-----+--------+

Top non-repeatable levels by time:
     D:2: 1113 daAuts
     D:1: 792 daAuts
     D:3: 196 daAuts
 Abyss:1: 5 daAuts
